 Dungeon Crawl Stone Soup version 0.18-a0-844-g9229740 (webtiles) character file.

50 JokEr the Insei (level 3, 0/24 HPs)
             Began as an Octopode Transmuter on Dec 18, 2015.
             Succumbed to a goblin's poison
             ... on level 2 of the Dungeon.
             The game lasted 00:05:05 (2505 turns).

JokEr the Insei (Octopode Transmuter)               Turns: 2505, Time: 00:05:05

Health: 0/24       AC:  1    Str:  9      XL:     3   Next: 79%
Magic:  13/15      EV: 18    Int: 13 (16) God:
Gold:   47         SH:  0    Dex: 17      Spells: 1 memorised, 5 levels left

rFire  . . .     SeeInvis .       - Unarmed
rCold  . . .     Gourm    .     (no shield)
rNeg   . . .     Faith    .     (helmet restricted)
rPois  .         Spirit   .     (no amulet)
rElec  .         Dismiss  .     h - ring of magical power
rCorr  .         Reflect  .     (no ring)
SustAt .         Harm     .     (no ring)
MR     .....                    (no ring)
Stlth  ++++......               (no ring)
                                (no ring)
                                (no ring)
                                (no ring)

@: agile, lethally poisoned (0 -> -6), appendage, not resistant to hostile
enchantments, stealthy
A: almost no armour, amphibious, 8 rings, constrict 8, tentacle spike 3,
camouflage 1, gelatinous body 1
a: End Transformation


You were on level 2 of the Dungeon.
You were completely stuffed.
One of your tentacles had a temporary spike.
You visited 1 branch of the dungeon, and saw 2 of its levels.

You collected 47 gold pieces.

Inventory:

Missiles
 a - 41 arrows
Jewellery
 h - a ring of magical power (left tentacle)
Scrolls
 e - 2 scrolls of teleportation
 g - a scroll of immolation {unknown}
Books
 b - a book of Changes

   Spells                             Type                      Level
   a - Beastly Appendage              Transmutation                1
   b - Sticks to Snakes               Transmutation                2
   c - Spider Form                    Transmutation/Poison         3
   d - Ice Form                       Ice/Transmutation            4
   e - Blade Hands                    Transmutation                5


   Skills:
 + Level 2.0 Fighting
 - Level 2.0 Dodging
 + Level 3.6 Unarmed Combat
 - Level 2.0 Spellcasting
 + Level 2.8 Transmutations


You had 5 spell levels left.
You knew the following spells:

 Your Spells              Type           Power        Failure   Level  Hunger
a - Beastly Appendage     Trmt           #.....       10%         1    ##.....


Dungeon Overview and Level Annotations

Branches:
Dungeon (2/15)

Altars:
Gozag


Innate Abilities, Weirdness & Mutations

You cannot wear most types of armour.
You are amphibious.
You can wear up to eight rings at the same time.
You can use your tentacles to constrict eight enemies at once.
Your skin changes colour to match your surroundings (Stealth).
Your rubbery body absorbs attacks (AC +1).
One of your tentacles bears a large vicious spike.


Message History

One of your tentacles grows a vicious spike.
The kobold shouts!
* * * LOW HITPOINT WARNING * * *
You feel sick.
You tentacle-slap the goblin. Your grab misses the goblin.
Your squeeze misses the goblin.
The goblin is severely wounded.
* * * LOW HITPOINT WARNING * * *
You feel sick. The goblin hits you with a dagger.
* * * LOW HITPOINT WARNING * * *
You barely miss the goblin. You grab the goblin.
You pierce the goblin.
You kill the goblin!
Casting: Beastly Appendage
Confirm with . or Enter, or press ? or * to list all spells.
You fail to extend your transformation any further.
* * * LOW HITPOINT WARNING * * *
You feel sick.
Eat which item? (? for menu, Esc to quit)
You continue eating.
You die...

#.. ##### #.##.#
!.....#########.##.#
......)......##.##.#
......######'##.##.#
..... #.@)..#.##.#
....
#.....#.##.########
...
#...K.#.##.#.......
g#
#####†#......##....
#..###.####....
##.##..........
#..#..###.####
...#....#.#
...#....#.#


You could see a kobold.

Vanquished Creatures
  2 oozes (D:1)
  A giant gecko (D:2)
  6 bats (D:1)
  A giant cockroach (D:1)
  7 goblins
  3 hobgoblins (D:1)
  7 kobolds
  A giant newt (D:2)
  4 jackals (D:2)
  8 rats
40 creatures vanquished.

Notes
Turn   | Place    | Note
--------------------------------------------------------------
     0 | D:1      | JokEr the Octopode Transmuter began the quest for the Orb.
     0 | D:1      | Reached XP level 1. HP: 13/13 MP: 3/3
   221 | D:1      | Reached XP level 2. HP: 5/18 MP: 3/5
  1453 | D:1      | Reached XP level 3. HP: 17/24 MP: 6/6
  2021 | D:2      | Found an opulent altar of Gozag.
  2503 | D:2      | HP: 1/24 [poisoned by a goblin]
  2505 | D:2      | Succumbed to a goblin's poison

Vault maps used:
D:1:      evilmike_arrival_crescent, minivault_23
D:2:      nicolae_ru_path_of_blood, lemuel_crystal_altar, serial_bayou_pond_a

Action                   || total
-------------------------++-------
Melee: Unarmed           ||   100
 Cast: Beastly Appendage ||    28
  Use: Scroll            ||     4
       Potion            ||     2
 Stab: Sleeping          ||     5
  Eat: Bread ration      ||     3
       Chunk             ||     1
